 Dungeon Crawl Stone Soup version 0.30-a0-586-g23e55c9e0a (webtiles) character file.

Game seed: 5516048289990382885

52 Dirtsage the Slasher (level 3, -1/27 HPs)
             Began as a Demonspawn Reaver on Jan 3, 2023.
             Slain by Sigmund
             ... wielding a +0 scythe
              (11 damage)
             ... on level 2 of the Dungeon.
             The game lasted 00:03:38 (1444 turns).

Dirtsage the Slasher (Demonspawn Reaver)            Turns: 1444, Time: 00:03:39

Health: -1/27      AC:  3    Str: 10    XL:     3   Next: 60%
Magic:  6/6        EV: 11    Int: 14    God:
Gold:   39         SH:  0    Dex: 13    Spells: 5/6 levels left

rFire   . . .      SeeInvis .    m - +2 short sword (protect)
rCold   . . .      Faith    .    (no shield)
rNeg    . . .      Spirit   .    b - +0 leather armour
rPois   .          Reflect  .    (helmet restricted)
rElec   .          Harm     .    (no cloak)
rCorr   .          Rampage  .    (no gloves)
Will    .....                    (no boots)
Stlth   +                        (no amulet)
HPRegen 1.04/turn                (no ring)
MPRegen 0.10/turn                (no ring)

@: no status effects
A: antennae 1, claws 1, regeneration 1, weak 1, wild magic 1
a: no special abilities


You were on level 2 of the Dungeon.
You visited 1 branch of the dungeon, and saw 2 of its levels.

You collected 39 gold pieces.

Inventory:

Hand Weapons
 a - a +0 falchion
 m - a +2 short sword of protection (weapon)
Armour
 b - a +0 leather armour (worn)
Scrolls
 c - a scroll of immolation {unknown}
 f - 3 scrolls of identify {unknown}
 g - a scroll of vulnerability {unknown}
 j - a scroll of noise {unknown}
 k - a scroll of poison {unknown}
Potions
 d - a potion of ambrosia {unknown}
 e - a potion of haste {unknown}
 h - a potion of heal wounds {unknown}


   Skills:
 + Level 2.2 Fighting
 - Level 3.8 Long Blades
 - Level 1.7 Dodging
 * Level 1.1 Unarmed Combat
 - Level 2.0 Spellcasting
 - Level 3.0 Conjurations


You had 5 spell levels left.
You knew the following spells:

 Your Spells              Type           Power      Damage    Failure   Level
a - Kiss of Death         Conj/Necr      28%        2d7       24%         1

Your spell library contained the following spells:

 Spells                   Type           Power      Damage    Failure   Level
 Momentum Strike          Conj/Tloc      14%        3d8       34%         2
 Hailstorm                Conj/Ice       7%         3d4       54%         3


Dungeon Overview and Level Annotations

Branches:
Dungeon (2/15)

Altars:

Annotations:
D:2 Sigmund


Innate Abilities, Weirdness & Mutations

You have a pair of small antennae on your head.
You have sharp fingernails.
Your natural rate of healing is unusually fast.
You are weak. (Str -2)
Your spells are a little harder to cast, but a little more powerful.


Message History

Sigmund casts a spell at you. You resist with significant effort.
There is a stone staircase leading up, spattered with blood here.
It was a potion of cancellation.
Your magical effects are unravelling.
You feel magically purged.
You feel less confused. Sigmund casts a spell at you. The magic dart hits you.
You take 3 damage, and have 12/27 hp.
Sigmund mumbles some strange words.
Sigmund flickers and vanishes!
Deactivating autopickup; reactivate with Ctrl-A.
You see here a bat skeleton.
You hit something. Something hits you.
* * * LOW HITPOINT WARNING * * *
You take 6 damage, and have 6/27 hp.
MASSIVE DAMAGE!!
There is a stone staircase leading up, spattered with blood here.
It was a potion of mutation.
You feel extremely strange.
You feel weaker.
You feel less in control of your magic.
You begin to heal more quickly.
Something hits you.
* * * LOW HITPOINT WARNING * * *
You hear some strange, mumbled words.
You are confused.
You bump into the rock wall.
You hear some strange, mumbled words.
Something tries to affect you, but you resist.
You see here a scroll labelled CUGRIO OMMOLU.
You bump into the rock wall.
You hear some strange, mumbled words.
Something tries to affect you, but you resist.
You regained 2 hp, and now have 12/27 hp.
You bump into the rock wall.
Something hits you.
* * * LOW HITPOINT WARNING * * *
You take 5 damage, and have 7/27 hp.
You bump into the rock wall.
You feel less confused. Something hits you!
You die...

....#.#.#.# #...#
........#.# #...#### #
........#.# #...... .##
........#.####....####...
#........................
!......÷<................
##.....#.>..!............
#.....#{#####....†.....#
#.##..#@# #...######..
... ..##.# #...#
##.......# #.[.#
###..#### #...# .....
##.## .## ##########.#
#..........# #.###..##.##
#.....##


There were no monsters in sight!

Vanquished Creatures
  An adder (D:2)
  A worm (D:1)
  A ball python (D:1)
  6 bats
  4 endoplasms (D:1)
  2 giant cockroaches
  3 goblins (D:1)
  2 hobgoblins (D:1)
  4 jackals (D:1)
  8 kobolds (D:1)
  A quokka (D:1)
  4 rats (D:1)
37 creatures vanquished.

Notes
Turn   | Place    | Note
-------+----------+-------------------------------------------
     0 | D:1      | Dirtsage the Demonspawn Reaver began the quest for the Orb.
     0 | D:1      | Reached XP level 1. HP: 16/16 MP: 3/3
    61 | D:1      | Discovered your monstrous ancestry.
    61 | D:1      | Gained mutation: You have a pair of small antennae on your
                  | head. [demonic ancestry]
    61 | D:1      | Reached XP level 2. HP: 11/22 MP: 5/5
   558 | D:1      | Gained mutation: You have sharp fingernails. [demonic
                  | ancestry]
   558 | D:1      | Reached XP level 3. HP: 27/27 MP: 6/6
  1081 | D:2      | Noticed Sigmund
  1088 | D:1      | Reached skill level 1 in Unarmed Combat
  1435 | D:2      | Gained mutation: You are weak. (Str -2) [potion of
                  | mutation]
  1435 | D:2      | Gained mutation: Your spells are a little harder to cast,
                  | but a little more powerful. [potion of mutation]
  1435 | D:2      | Gained mutation: Your natural rate of healing is unusually
                  | fast. [potion of mutation]
  1444 | D:2      | Slain by Sigmund

Illustrated notes

Levels and vault maps discovered:
D:1:      dpeg_arrival_round_b, layout_loops_ring
D:2:      layout_loops_cross, uniq_robin, uniq_sigmund

Skill      XL: |  1  2  3 |
---------------+----------+-----
Long Blades    | 3 |  3.8
Unarmed Combat | 1 |  1.1
Fighting       | |  2.2
Dodging        | |  1.7
Spellcasting   | |  2.0
Conjurations   | |  3.0

Action                   || total
-------------------------++-------
Melee: Falchion          ||   137
       Punch             ||     1
       Short sword       ||    23
  Use: Potion            ||     2
Armor: Leather armour    ||    50
Dodge: Dodged            ||   131

Table legend: (Time is in decaauts)
 A = Elapsed time spent in this place.
 B = Non-inter-level travel time spent in this place.
 C = Inter-level travel time spent in this place.
 D = Time resting spent in this place.
 E = Time spent auto-exploring this place.
 F = Levels seen in this place.
 G = Mean time per level.
                   A        B        C        D        E       F      G
               +--------+--------+--------+--------+--------+-----+--------+
         Total |   1463 |   1449 |     14 |    267 |    832 |   2 |  731.5 |
       Dungeon |   1463 |   1449 |     14 |    267 |    832 |   2 |  731.5 |
               +--------+--------+--------+--------+--------+-----+--------+

Top non-repeatable levels by time:
     D:1: 1243 daAuts
     D:2: 219 daAuts
